 Dungeon Crawl Stone Soup version 0.15.2 (webtiles) character file.

549424 magipi the Tortoise (level 27, -1/209 (217) HPs)
             Began as a Formicid Abyssal Knight on Jan 29, 2015.
             Was the Champion of Lugonu.
             Slain by a deathcap (22 damage)
             ... summoned by a curse toe
             ... on Level 3 of the Realm of Zot on Jan 31, 2015.
             The game lasted 10:16:59 (90364 turns).

magipi the Tortoise (Formicid Abyssal Knight)      Turns: 90364, Time: 10:16:59

HP  -1/209 (217) AC 27     Str 21      XL: 27
MP  39/39        EV 21     Int 15      God: Lugonu [******]
Gold 2478        SH  0     Dex 16      Spells:  4 memorised, 23 levels left

rFire  + + .     SeeInvis +     b - +7 great mace (crush)
rCold  + . .     Clarity  .     L - +3 fire dragon armour
rNeg   + . .     rCorr    +     F - +0 buckler {rC+}
rPois  .         rRot     .     (helmet unavailable)
rElec  .         Spirit   .     K - +1 cloak
SustAb .         Warding  .     d - +1 pair of gloves of Panentheism {rN+}
rMut   .         Stasis   +     g - +2 pair of boots
Gourm  .                        W - amulet of resist corrosion
MR     ++...                    t - +6 ring of slaying
                                c - ring of protection from cold

@: confused, repel missiles, very resistant to hostile enchantments, extremely
unstealthy
A: permanent stasis, dig shafts and tunnels, four strong arms, antennae 3,
blurry vision 1, clumsy 1, mutation resistance 1, strong 1
a: Dig, Shaft Self, Depart the Abyss, Bend Space, Banish, Corrupt, Enter the
Abyss, Renounce Religion
}: 3/15 runes: decaying, serpentine, slimy


You were on level 3 of the Realm of Zot.
You worshipped Lugonu.
Lugonu was exalted by your worship.
You were not hungry.

You visited 11 branches of the dungeon, and saw 59 of its levels.
You visited the Abyss 2 times.
You also visited: Ice Cave.

You collected 7113 gold pieces.
You spent 4635 gold pieces at shops.

Inventory:

Hand weapons
 a - the +11 morningstar "Eos" {elec, -Tele rElec SInv}
   (You found it on level 13 of the Dungeon)

   Occasionally, upon striking a foe, it will discharge some electrical energy
   and cause terrible harm.
   It insulates you from electricity.
   It enhances your eyesight.
   It prevents most forms of teleportation.
 b - a +7 great mace of crushing (weapon)
Armour
 d - the cursed +1 pair of gloves of Panentheism (worn) {rN+}
   (You took it off Nikola on level 3 of the Vaults)

   It protects you from negative energy.
   It has a curse placed upon it.
 g - a +2 pair of boots (worn)
 F - a +0 buckler of cold resistance (worn)
 K - a +1 cloak (worn)
 L - a +3 fire dragon armour (worn)
Magical devices
 n - a wand of lightning (4)
 x - a wand of cold (8)
 z - a wand of disintegration (5)
 S - a wand of draining (5)
 T - a wand of polymorph (0)
Comestibles
 j - 19 meat rations
 D - 20 bread rations
Scrolls
 h - 8 scrolls of recharging
 p - 18 scrolls of remove curse
 q - 6 scrolls of fear
 s - 2 scrolls of silence
 R - 12 scrolls of identify
 V - a scroll of magic mapping
Jewellery
 c - a ring of protection from cold (left hand)
 f - an uncursed ring of protection from fire
 k - an uncursed ring of positive energy
 r - an uncursed ring of regeneration
 t - a +6 ring of slaying (right hand)
 u - an uncursed amulet of guardian spirit
 E - the ring "Kucic" {SustAb MR++ Int+2}
   (You took it off a deep elf demonologist on level 3 of the Elven Halls)

   [ring of sustain abilities]

   It sustains your strength, intelligence and dexterity.
   It affects your intelligence (+2).
   It affects your resistance to hostile enchantments.
 P - an uncursed ring of sustain abilities
 W - an amulet of resist corrosion (around neck)
Potions
 e - 6 potions of flight
 i - 5 potions of restore abilities
 o - 3 potions of magic
 w - a potion of agility
 B - 5 potions of cure mutation
 I - 4 potions of resistance
 M - 3 potions of might
 U - 4 potions of invisibility
 X - 5 potions of cancellation
Books
 y - a book of Spatial Translocations

   Spells                             Type                      Level
   Apportation                        Translocation                1
   Blink                              Translocation                2
   Shroud of Golubria                 Charms/Translocation         2
   Portal Projectile                  Translocation                3
   Teleport Other                     Translocation                3
   Passage of Golubria                Translocation                4
 H - a book of Annihilations {highlevel}

   This book is beyond your current level of understanding.

   Spells                             Type                      Level
   Poison Arrow                       Conjuration/Poison           6
   Chain Lightning                    Conjuration/Air              8
   Lehudib's Crystal Spear            Conjuration/Earth            8
   Glaciate                           Conjuration/Ice              9
   Fire Storm                         Conjuration/Fire             9
Miscellaneous
 l - a phial of floods
 v - a lamp of fire
 C - a phial of floods
 G - a lamp of fire
 O - a lamp of fire
 Y - a phial of floods
Rods
 Q - a +4 rod of destruction (12/12)
   (You found it on level 4 of the Depths)


   Skills:
 - Level 18.1 Fighting
   Level 0.2(12.5) Axes
 + Level 18.5 Maces & Flails
 - Level 20.0 Armour
 - Level 18.8 Dodging
 - Level 10.5 Shields
 - Level 4.6 Spellcasting
 - Level 10.0 Charms
 - Level 18.0 Necromancy
 - Level 13.0 Invocations
 - Level 11.3 Evocations


You had 23 spell levels left.
You knew the following spells:

 Your Spells              Type           Power        Failure   Level  Hunger
c - Death Channel         Necr           ######....   1%          6    #######
d - Animate Skeleton      Necr           N/A          0%          1    None
m - Repel Missiles        Chrm/Air       ###...       4%          2    ##.....
r - Regeneration          Chrm/Necr      #####.....   1%          3    ###....


Dungeon Overview and Level Annotations

Branches:
Dungeon (15/15)            Temple (1/1) D:7             Orc (4/4) D:10
    Elf (3/3) Orc:4          Lair (8/8) D:8           Swamp (5/5) Lair:4
  Snake (5/5) Lair:4        Slime (6/6) Lair:8       Vaults (3/5) D:13
 Depths (5/5) D:15            Zot (4/5) Depths:5
  Crypt: Vaults:2-3

Altars:
Ashenzari
Cheibriados
Dithmenos
Elyvilon
Fedhas
Kikubaaqudgha
Makhleb
Nemelex Xobeh
Okawaru
Qazlal
Sif Muna
Trog
Vehumet
Xom
Yredelemnul
Zin
The Shining One
Jiyva

Shops:
D:4 }   D:6 *   D:11 %   D:13 :   Orc:4 *:([   Elf:2 =   Depths:1 !%%*[

Portals:
Hell: Depths:1 Depths:2 Depths:3 Depths:4 Depths:5
Abyss: Depths:4
Pandemonium: Depths:3 Depths:4 Depths:5
Ziggurat: Depths:1
Trove: Elf:3 (show abyssal rune of Zot)

Annotations:
Swamp:1 Agnes
Swamp:2 Frances
Vaults:2 exclusion: curse skull
Abyss:1 Nessos


Innate Abilities, Weirdness & Mutations

Your are under a permanent stasis effect.
You can dig through walls and to a lower floor.
Your four strong arms can wield two-handed weapons with a shield.
You have a pair of large antennae on your head (SInv).
Your vision is a little blurry.
You are clumsy. (Dex -2)
You are somewhat resistant to further mutation.
Your muscles are strong. (Str +2)

Vault maps used:
D:1:      minmay_arrival_stair_chambers, grunt_decor_clamped, st_stairs_8
D:2:      lemuel_crystal_altar, tgw_trog, first_bread
D:3:      st_stairs_8
D:4:      serial_shops, shop_statue, uniq_iyjb, uniq_eustachio
D:5:      lemuel_round_altar, grunt_dithmenos_smoke_and_mirrors
D:6:      serial_shops, shop, lemuel_old_faithful
D:7:      minmay_temple_entry_hall
D:8:      kennysheep_mini_moat, minmay_lair_entry_lava
D:9:      uniq_joseph
D:10:     hiddenorc2_lemuel, hangedman_stone_soup, kennysheep_decorative_pillar
D:11:     lemuel_flame_loot_2, serial_shops, nicolae_shop_statue_plus,
          minivault_1
D:12:     uniq_nessos
D:13:     erik_vaults_2, serial_shops, shop, serial_bayou, serial_bayou_lake_a,
          serial_bayou_pond_c, serial_bayou_pond_b, serial_bayou_pond_e,
          uniq_psyche, uniq_nergalle
D:15:     grunt_enter_depths_snipers, minivault_24, grunt_ministairs_9, pond
Temple:   circular_temple_13
Orc:1:    bloody_makhleb
Orc:3:    nicolae_orc_pool_cavern, nicolae_orc_damp_corner
Orc:4:    grunt_orc_gardens, grunt_orc_garden, grunt_orc_garden,
          grunt_orc_garden, grunt_orc_garden, mines4_lemuel
Elf:1:    eino_elf_arrival_sip, basic_altar, hex_tiny
Elf:2:    serial_shops, nicolae_shop_competitors_out_of_business
Elf:3:    elf_hall, enter_trove_5
Lair:1:   uniq_harold
Lair:2:   grunt_megastairs_4, uniq_gastronok
Lair:3:   serial_bayou_shore_a
Lair:4:   minmay_swamp_entry_reptiles, minmay_snake_entry_guardpost_small,
          nicolae_volcano_entry_batcave, uniq_erica
Lair:5:   lemuel_ratsnest, portal_ice_cave_entry_pillars_02
Lair:7:   lemuel_slime, minmay_hedge_maze
Lair:8:   evilmike_catoblepas_cave, dpeg_slime_entry_enclosed_altar
Swamp:1:  nicolae_swamp_trees_clearing, swamp_pool1, infiniplex_staircase_pool,
          uniq_agnes
Swamp:2:  evilmike_swamp_ruin_house_1, uniq_donald, uniq_frances
Swamp:3:  hangedman_swamp_ruin_hall
Swamp:4:  serial_swamp_ruin, evilmike_swamp_ruin_house_5,
          evilmike_swamp_ruin_house_6, evilmike_swamp_ruin_house_2
Swamp:5:  swamp_alternative, swamp_pool3, nicolae_swamp_spriggan_camp
Snake:1:  uniq_rupert, uniq_urug
Snake:2:  uniq_kirke, uniq_norris
Snake:3:  nicolae_snake_hallway, serial_bayou_pond_e, spider_trap,
          serial_bayou_shore_b
Snake:5:  snake_pit, uniq_vashnia
Slime:4:  nicolae_slime_welcoming_committee
Vaults:1: nicolae_vaults_little_ls, vaults_mumra_minichess,
          nicolae_vaults_lopsided_apartments, vaults_mumra_hexcomb,
          vaults_room_grunt_arrival_ludios, grunt_vaults_hallway_long,
          hangedman_vaults_corner, vaults_room_large_hall,
          nicolae_vaults_angled_halls, nicolae_vaults_three_branches,
          nicolae_vaults_little_squares_3, ontoclasm_vaults_shuriken,
          v_alt_pattern_5
Vaults:2: nicolae_vaults_circle_grid_b, st_lines, vaults_standard_mumra_lines,
          minmay_crypt_entry_nasty_monster, nicolae_vaults_diagonal_hallway_8,
          ontoclasm_vaults_decontamination, v_alt_pattern_1,
          vaults_room_door_hall, hangedman_vaults_locks, ontoclasm_vaults_chip,
          vaults_mumra_hex, nicolae_vaults_gold_heap
Vaults:3: v_misc_12, ontoclasm_vaults_eye, nicolae_vaults_border_crossing,
          ontoclasm_vaults_ring_small, vaults_dpeg_diagonal,
          serial_hangedman_research, hangedman_research_thermodynamics,
          hangedman_research_convocations, hangedman_research_electronics,
          hangedman_research_pyrotechnics, hangedman_research_quantum,
          uniq_nikola
Depths:1: hangedman_box_tower, enter_ziggurat_d, grunt_hell_entry_dis_old,
          serial_shops, shop, kennysheep_four_rooms, uniq_mara
Depths:2: evilmike_inaccessible_box, hell_entry, minmay_crystal_room,
          spider_trap, tso_altar, roderic_lattice_octagonal_star,
          infiniplex_staircase_pillars_3b
Depths:3: kennysheep_scales, grunt_pan_entry_in_and_out, hell_entry,
          infiniplex_staircase_zigzag_3
Depths:4: kennysheep_green_arena, abyss_entry, rand_demon_pan_entry_9,
          hell_entry, nrook_mini_vaults, st_stairs_13, firewood_loft,
          infiniplex_staircase_spiral_double, kennysheep_random_hallway,
          uniq_jory
Depths:5: grunt_x_marks_the_spot, nicolae_wwwww, pf_dread_powers_of_hell,
          pan_entry, small_chamber_with_monster, grunt_ministairs_9,
          serial_bayou_shore_b
Zot:1:    lemuel_baited_zot_trap
Zot:3:    lemuel_draconian_sentries_small, st_single_dragon_hoard_4,
          basic_stair_grate_trap
Zot:4:    grunt_deathspiral_small, lemuel_golem_globe
Abyss:1:  minivault_19
IceCv:    ice_cave_statue_garden_02


Message History

Unknown command.
You crush the deathcap like a grape!!!
The deathcap is almost destroyed.
The deathcap completely misses you.
The deathcap releases spores at you but does no damage.
The wandering mushroom releases spores at you but does no damage.
The wandering mushroom releases spores at you!
* * * LOW HITPOINT WARNING * * *
You are engulfed in a cloud of spores!
You are more confused.
The wandering mushroom completely misses you.
The deathcap closely misses you. The wandering mushroom misses you.
Drink which item? (? for menu, Esc to quit)
You feel much better. The deathcap releases spores at you.
You are engulfed in a cloud of spores!
The wandering mushroom releases spores at you but does no damage.
The deathcap misses you. The wandering mushroom misses you.
The wandering mushroom barely misses you.
The wandering mushroom closely misses you.
The deathcap completely misses you.
Unknown command.
You hit the curse toe.
The curse toe is almost destroyed.
The wandering mushroom completely misses you.
The deathcap releases spores at you!
You are engulfed in a cloud of spores!
You are more confused.
The deathcap releases spores at you!
* * * LOW HITPOINT WARNING * * *
You are engulfed in a cloud of spores!
The wandering mushroom releases spores at you but does no damage.
The wandering mushroom closely misses you.
Drink which item? (? for menu, Esc to quit)
You feel much better. The deathcap releases spores at you.
You are engulfed in a cloud of spores!
The wandering mushroom closely misses you.
The deathcap misses you.
The wandering mushroom releases spores at you but does no damage.
The deathcap misses you.
The wandering mushroom completely misses you.
The wandering mushroom misses you.
The deathcap releases spores at you but does no damage.
The wandering mushroom misses you. The deathcap barely misses you.
The wandering mushroom completely misses you.
The deathcap barely misses you.
The wandering mushroom releases spores at you.
You are engulfed in a cloud of spores!
The wandering mushroom releases spores at you but does no damage.
Unknown command.
You sock the wandering mushroom!
The wandering mushroom is moderately damaged.
The deathcap releases spores at you!
* * * LOW HITPOINT WARNING * * *
You are engulfed in a cloud of spores!
The wandering mushroom releases spores at you.
* * * LOW HITPOINT WARNING * * *
You are engulfed in a cloud of spores!
The deathcap releases spores at you but does no damage.
The wandering mushroom barely misses you.
The deathcap releases spores at you but does no damage.
The wandering mushroom releases spores at you!
* * * LOW HITPOINT WARNING * * *
You are engulfed in a cloud of spores!
The wandering mushroom completely misses you.
Drink which item? (? for menu, Esc to quit)
You feel much better. The deathcap barely misses you.
The wandering mushroom releases spores at you but does no damage.
The deathcap closely misses you.
The wandering mushroom completely misses you.
The deathcap completely misses you.
The wandering mushroom releases spores at you.
* * * LOW HITPOINT WARNING * * *
You are engulfed in a cloud of spores!
The wandering mushroom releases spores at you but does no damage.
Drink which item? (? for menu, Esc to quit)
You feel much better.
The deathcap releases spores at you but does no damage.
The wandering mushroom completely misses you.
The deathcap closely misses you.
The wandering mushroom releases spores at you but does no damage.
The deathcap completely misses you. The wandering mushroom misses you.
The wandering mushroom completely misses you.
Drink which item? (? for menu, Esc to quit)
You feel better.
The curse toe calls on the powers of darkness!
Your body is wracked with pain!
* * * LOW HITPOINT WARNING * * *
You block the wandering mushroom's attack.
The deathcap releases spores at you!!
* * * LOW HITPOINT WARNING * * *
You are engulfed in a cloud of spores!
You are confused.
The wandering mushroom releases spores at you!
* * * LOW HITPOINT WARNING * * *
You are engulfed in a cloud of spores!
The wandering mushroom releases spores at you.
* * * LOW HITPOINT WARNING * * *
You are engulfed in a cloud of spores!
You are more confused.
The deathcap releases spores at you!!
You die...

........###.................,,,,,
...#.......................,,,,,,
..............#.#.#######.***,,,,
......................,,,,,,*,,,,
.......#**#...#...#.####*,***,,,,
.###..## #...#..........,,,,,,,,
.# #..## ##...#.>.#.#**.*****,,,,
.# #...###....#fff#.###.# *,,,,
.###..#.#.#....f@f....#.##***,**+
......##.##...#fzf#.#.#...,,,,,,,
......#####...#f..#......,,,,,,,,
......#####...#...#.#.#.#*,**,,,,
......^...........#.#.#.#*,**,***
####..#####...##........#*,**,*
........................#*,**,*
.............###.##.#.#.#*,**,*
.............**####{###.#*,****


You could see a curse toe, 3 deathcaps and 5 wandering mushrooms.

Table legend:
 A = Kills in this place as a percentage of kills in entire the game.
 B = Kills by you in this place as a percentage of kills by you in the entire game.
 C = Kills by friends in this place as a percentage of kills by friends in the entire game.
 D = Other kills in this place as a percentage of other kills in the entire game.
 E = Experience gained in this place as a percentage of experience gained in the entire game.
 F = Experience gained in this place divided by the number of levels of this place that you have seen.
                   A       B       C       D       E      F
               +-------+-------+-------+-------+-------+----------------------
         Total | 100.0 | 100.0 | 100.0 | 100.0 | 100.0 | 18502.0
       Dungeon |  20.3 |  20.8 |  12.2 |  32.6 |   5.9 | 4498.4
  Orcish Mines |   7.9 |   8.7 |   0.0 |   4.3 |   1.3 | 3765.5
   Elven Halls |   5.1 |   5.0 |   5.2 |   8.7 |   7.3 | 28063.3
          Lair |  12.2 |  12.1 |   9.4 |  26.1 |   5.2 | 7471.1
         Swamp |   7.1 |   6.5 |  14.6 |   4.3 |   5.8 | 13388.4
     Snake Pit |   8.0 |   7.4 |  15.0 |   6.5 |   9.5 | 21745.8
    Slime Pits |   5.6 |   6.1 |   0.5 |   4.3 |   7.0 | 13458.3
        Vaults |  11.4 |  10.7 |  19.7 |   6.5 |  13.7 | 52515.0
        Depths |  20.3 |  20.4 |  23.0 |   4.3 |  37.0 | 84884.8
           Zot |   1.9 |   2.0 |   0.5 |   2.2 |   7.0 | 20173.2
         Abyss |   0.0 |   0.0 |   0.0 |   0.0 |   0.1 | 379.0
      Ice Cave |   0.2 |   0.3 |   0.0 |   0.0 |   0.1 | 786.0
               +-------+-------+-------+-------+-------+----------------------

Vanquished Creatures
  Mara (D:15)
  6 golden dragons
  Jory (Depths:4)
  4 electric golems
  2 bone dragons (Depths:5)
  Nikola (Vaults:3)
  3 iron dragons
  An Ice Fiend (Elf:3)
  6 tentacled monstrosities
  A titan (Depths:3)
  A quicksilver dragon (Depths:1)
  A deep elf blademaster (Elf:3)
  5 liches
  16 acid blobs
  4 sphinxes
  A deep elf master archer (Elf:3)
  2 storm dragons
  Kirke (Snake:2)
  A fire giant (shapeshifter) (Depths:3)
  6 azure jellies
  5 tengu reavers
  3 thorn hunters
  A draconian monk (Zot:4)
  7 frost giants
  3 deep elf sorcerers (Elf:3)
  Donald (Swamp:3)
  7 greater nagas (Snake:5)
  7 fire giants
  5 vault wardens
  A draconian zealot (Zot:4)
  An emperor scorpion (Depths:1)
  A ghost moth (Zot:4)
  Gastronok (Lair:2)
  3 draconian knights
  A draconian annihilator (Zot:2)
  29 very ugly things
  20 stone giants
  9 spriggan defenders
  2 draconian callers
  7 deep elf demonologists
  2 green draconians
  3 vampire knights
  A grey draconian (Zot:1)
  18 deep elf annihilators
  6 pale draconians
  3 yellow draconians
  2 red draconians
  A black draconian (Depths:4)
  A purple draconian (Zot:2)
  4 white draconians
  2 mottled draconians (Zot:2)
  6 dire elephants
  10 ettins
  2 deep elf death magi (Elf:3)
  10 death oozes
  10 fire dragons
  13 vault guards
  11 ironheart preservers
  5 minotaurs
  12 great orbs of eyes
  16 ice dragons
  18 yaktaur captains
  20 hydras
  A deep elf high priest (Elf:3)
  4 death cobs
  2 shambling mangroves
  Harold (Lair:1)
  14 rakshasas
  18 naga warriors
  22 ogre magi
  7 anacondas
  7 deep troll earth magi
  Erica (Lair:4)
  13 centaur warriors
  27 death yaks
  3 spriggan air magi
  5 alligators
  An anaconda (shapeshifter) (Depths:1)
  6 deep troll shamans
  5 tengu warriors
  5 orc high priests
  A vampire mage (Depths:5)
  11 naga sharpshooters
  Urug (Snake:1)
  5 catoblepae
  13 spriggan berserkers
  3 torpor snails (Depths:1)
  A sun demon (Depths:3)
  8 hell knights
  A soul eater (Depths:3)
  Nergalle (D:13)
  2 shadow wraiths (Vaults:3)
  A fire crab (shapeshifter) (Depths:3)
  6 shock serpents
  11 deep elf knights
  17 spriggans
  6 iron trolls
  3 salamander mystics
  2 fire crabs
  5 skeletal warriors (D:15)
  A flayed ghost (Depths:1)
  3 giant orange brains
  3 ice devils
  7 unseen horrors
  A large abomination (Abyss:1)
  24 deep trolls
  4 spriggan druids
  7 naga ritualists
  8 wizards
  9 swamp dragons
  An orb spider (shapeshifter) (Vaults:1)
  2 ice statues (Vaults:3)
  16 hill giants
  A lindwurm (Vaults:3)
  5 orc knights
  13 deep elf summoners
  A lindwurm (shapeshifter) (Depths:3)
  A torturous demonspawn (Depths:3)
  9 deep elf conjurers
  4 harpies (Vaults:2)
  4 wolf spiders
  A manticore (shapeshifter) (Depths:4)
  7 mana vipers
  3 orc sorcerers
  8 ironbrand convokers
  5 necromancers
  8 cyclopes
  An oklob plant (Lair:7)
  10 griffons
  4 shining eyes
  A sixfirhy (Depths:3)
  A draconian (shapeshifter) (Depths:1)
  61 ugly things
  2 manticores
  12 elephants
  2 worldbinders (Vaults:3)
  19 black mambas
  6 moths of wrath
  9 eyes of devastation
  5 salamanders
  3 human skeletons (Vaults:3)
  Joseph (D:9)
  A guardian serpent (shapeshifter) (Vaults:2)
  15 spiny frogs
  2 molten gargoyles (Vaults:3)
  9 vault sentinels
  25 naga magi
  2 gargoyles
  2 spiny frogs (shapeshifter)
  A kobold demonologist (Vaults:1)
  3 fire drakes
  A centaur skeleton (D:14)
  6 komodo dragons
  2 demonic crawlers
  2 anaconda simulacra (Vaults:3)
  A troll (shapeshifter) (Depths:2)
  A freezing wraith (D:15)
  4 tengu conjurers
  51 yaktaurs
  5 trolls
  15 deep elf priests
  A catoblepas zombie (D:15)
  3 giant leeches
  A giant leech (shapeshifter) (Depths:1)
  4 baby alligators
  4 polar bears
  A merfolk (D:10)
  24 two-headed ogres
  19 blink frogs
  A baby alligator (shapeshifter) (Vaults:3)
  26 ravens
  3 air elementals (Vaults:3)
  4 bog bodies
  A deep troll zombie (Depths:1)
  A raven (shapeshifter) (Depths:1)
  A boulder beetle (Vaults:2)
  96 slime creatures
  3 shadows
  4 basilisks
  2 vampires
  A wraith (Vaults:1)
  2 tarantellas
  6 water elementals
  7 redbacks
  A griffon skeleton (D:12)
  5 wyverns
  A fire elemental (Vaults:3)
  5 fire bats
  7 golden eyes
  19 deep elf magi
  A harpy simulacrum (Vaults:3)
  Eustachio (D:4)
  The ghost of ark the Digger, an average TrEE (D:4)
  2 hill giant zombies
  24 yaks
  2 yaktaur simulacra
  31 vampire mosquitoes
  A hell beast (Vaults:1)
  13 wolves
  A hill giant skeleton (Vaults:1)
  34 deep elf fighters
  3 hogs (Snake:2)
  20 swamp worms
  10 hippogriffs
  A soldier ant (D:12)
  54 nagas
  6 wargs
  4 hungry ghosts
  A human zombie (Depths:1)
  A lava snake (Vaults:3)
  24 water moccasins
  6 swamp drakes
  5 sky beasts
  32 orc warriors
  A phantom (D:10)
  A sky beast (shapeshifter) (Depths:3)
  9 centaurs
  10 porcupines
  14 yellow wasps
  A black bear (D:8)
  2 boggarts
  5 spiders (Depths:2)
  12 ice beasts
  A tengu (shapeshifter) (Depths:3)
  A lost soul (Elf:3)
  64 ogres
  3 big kobolds
  12 crocodiles
  A black mamba simulacrum (Vaults:3)
  15 insubstantial wisps
  30 giant frogs
  2 giant frogs (shapeshifter)
  A yaktaur skeleton (D:12)
  8 eyes of draining
  An orc simulacrum (Vaults:1)
  A troll zombie (D:13)
  16 wights
  A human simulacrum (Vaults:3)
  5 scorpions
  9 killer bees
  9 crimson imps
  4 electric eels (D:13)
  A basilisk zombie (D:15)
  A goliath beetle (D:11)
  11 hounds
  A gnoll shaman (D:7)
  2 quasits
  2 iron imps
  37 jellies
  19 orc priests
  2 elf skeletons (D:15)
  32 orc wizards
  11 iguanas
  9 orange rats
  13 worker ants
  A lightning spire (Vaults:3)
  A boulder beetle simulacrum (Vaults:2)
  23 sheep
  A big kobold zombie (D:6)
  Ijyb (D:3)
  A mummy (D:11)
  A naga simulacrum (Vaults:3)
  35 green rats
  22 adders
  10 gnolls
  5 shadow imps
  3 giant mites
  2 white imps (Depths:3)
  4 worms
  An ufetubus (Depths:3)
  An adder skeleton (D:5)
  An adder zombie (D:5)
  An iguana zombie (D:10)
  12 giant geckos
  9 oozes
  191 orcs
  5 giant cockroaches
  26 goblins
  19 hobgoblins
  12 jackals
  20 quokkas
  2 ball pythons
  22 bats
  A giant gecko zombie (D:6)
  4 giant newts
  A giant spore (D:15)
  A goblin zombie (D:5)
  A hobgoblin skeleton (D:7)
  31 kobolds
  37 rats
  9 ballistomycetes
  4 fungi
  A plant (D:15)
2468 creatures vanquished.

Vanquished Creatures (collateral kills)
  the royal jelly (Slime:6)
  Norris (Snake:1)
  Vashnia (Snake:4)
  An acid blob (Slime:6)
  A lich (Depths:1)
  Rupert (Snake:1)
  An azure jelly (Vaults:3)
  A frost giant (Depths:5)
  An emperor scorpion (Depths:5)
  A vault warden (Vaults:2)
  A spriggan defender (Depths:4)
  A deep elf demonologist (Vaults:2)
  3 stone giants
  A deep elf annihilator (Vaults:1)
  A minotaur (Depths:1)
  An ettin (Depths:1)
  3 death oozes (Slime:6)
  2 yaktaur captains
  2 vault guards (D:13)
  An ironheart preserver (Vaults:2)
  A rakshasa (Depths:5)
  An ice dragon (Depths:3)
  5 naga warriors
  A spriggan air mage (Depths:2)
  3 ogre magi
  An alligator (Swamp:4)
  3 hydras
  2 deep troll earth magi (Depths:1)
  2 deep troll shamans
  A centaur warrior (Depths:1)
  A tengu warrior (D:15)
  6 death yaks
  An orc high priest (Elf:3)
  A catoblepas (Lair:8)
  2 deep elf knights
  A spriggan druid (Swamp:5)
  4 deep trolls
  2 naga ritualists
  A shadow demon (Depths:3)
  2 wizards (Depths:1)
  2 phantasmal warriors (Depths:5)
  2 deep elf conjurers
  A manticore (Depths:1)
  A hill giant (Vaults:2)
  5 ugly things
  5 two-headed ogres
  A salamander (Snake:4)
  A guardian serpent (Snake:5)
  2 vault sentinels
  A moth of wrath (Zot:1)
  7 black mambas
  2 naga magi
  A torpor snail (Depths:4)
  Psyche (D:13)
  A spiny frog (Swamp:4)
  A komodo dragon (Lair:8)
  8 yaktaurs
  4 deep elf priests
  A fire drake (Swamp:5)
  A freezing wraith (Vaults:2)
  A giant leech (Swamp:4)
  6 slime creatures
  8 ravens
  A trapdoor spider (D:13)
  2 spriggans
  4 deep elf magi
  A redback (Vaults:2)
  2 air elementals (Depths:2)
  A water elemental (D:13)
  A wraith (Vaults:1)
  A fire elemental (Vaults:3)
  5 yaks (Lair:8)
  A hill giant zombie (D:13)
  2 deep elf fighters
  5 ogres
  9 vampire mosquitoes
  10 nagas
  4 water moccasins
  A phantom (Swamp:4)
  2 swamp worms
  2 swamp drakes (Swamp:4)
  2 ice beasts
  A centaur (Vaults:2)
  A sky beast (D:12)
  A yellow wasp (Depths:2)
  A crocodile (Lair:8)
  A giant frog (D:15)
  2 big kobolds
  3 insubstantial wisps
  An elf zombie (D:15)
  3 sheep (Lair:8)
  A troll simulacrum (Vaults:3)
  An adder (Lair:8)
  A shadow imp (D:11)
  2 naga simulacra (Vaults:3)
  An ooze (Lair:7)
  4 orcs
  8 kobolds
  An orc zombie (D:11)
  4 spectral orcs (D:13)
  A fungus (Lair:7)
  2 plants
226 creatures vanquished.

Vanquished Creatures (others)
  A deep elf master archer (Elf:3)
  An orc warlord (Orc:4)
  A draconian shifter (Zot:2)
  A deep elf annihilator (Elf:3)
  5 hydras
  A quicksilver dragon skeleton (Depths:1)
  2 ogre magi
  An alligator (Swamp:4)
  2 naga sharpshooters (Snake:5)
  A titan skeleton (Depths:3)
  3 ball lightnings (Vaults:3)
  A lindwurm (Vaults:3)
  2 golden dragon skeletons
  An anaconda skeleton (Snake:5)
  2 tengu skeletons (Depths:4)
  4 ugly thing skeletons
  3 slime creatures
  A sphinx skeleton (Depths:1)
  2 draconian skeletons (Zot:2)
  8 stone giant skeletons
  3 fire giant skeletons
  2 spiny frogs
  4 frost giant skeletons
  A dire elephant skeleton (Depths:3)
  10 centaur skeletons
  A shock serpent skeleton (Vaults:3)
  A purple draconian skeleton (Zot:2)
  2 pale draconian skeletons (Depths:5)
  A white draconian skeleton (Depths:5)
  2 mottled draconian skeletons (Zot:2)
  3 komodo dragons
  A black draconian skeleton (Depths:4)
  22 yaktaur skeletons
  2 water elementals (Depths:1)
  7 death yak skeletons
  2 iron troll skeletons (Depths:4)
  A fire drake (D:8)
  A yaktaur (Depths:2)
  A blink frog (Lair:3)
  7 fire elementals
  2 minotaur skeletons
  A deep elf mage (Elf:1)
  A catoblepas skeleton (Depths:1)
  2 harpy skeletons (Vaults:2)
  3 hydra skeletons
  7 ice dragon skeletons
  3 ettin skeletons
  8 elf skeletons
  2 griffon skeletons (Vaults:2)
  5 fire dragon skeletons
  3 alligator skeletons
  11 black mamba skeletons
  A golden eye (Slime:5)
  3 hill giant skeletons
  10 spriggan skeletons
  A deep elf fighter (Vaults:1)
  3 raven skeletons
  A naga (Snake:3)
  13 deep troll skeletons
  A torturous demonspawn skeleton (Depths:3)
  A baby alligator skeleton (Swamp:2)
  2 orc warriors (D:7)
  A spider (Depths:2)
  A spiny frog skeleton (Swamp:4)
  3 ogres
  A centaur (D:15)
  A boggart (Vaults:3)
  2 blink frog skeletons (Lair:8)
  3 swamp dragon skeletons
  A boring beetle (Lair:8)
  A lost soul (Elf:3)
  A crocodile (Lair:8)
  A gnoll sergeant (D:6)
  A salamander skeleton (Snake:1)
  A fire drake skeleton (Swamp:5)
  2 wyvern skeletons
  2 cyclops skeletons (Vaults:1)
  2 water moccasin skeletons
  An eye of draining (Slime:6)
  3 yak skeletons (Lair:8)
  A hippogriff skeleton (D:15)
  A warg skeleton (Vaults:3)
  2 jellies (Slime:6)
  2 giant frog skeletons (D:15)
  2 orc priests (D:8)
  2 iguanas
  11 two-headed ogre skeletons
  18 human skeletons
  2 orc wizards
  17 naga skeletons
  3 crocodile skeletons
  23 ogre skeletons
  5 swamp drake skeletons
  An adder skeleton (Lair:8)
  A sheep skeleton (Lair:8)
  2 orcs (Orc:4)
  A ball python (D:6)
  5 giant spores
  A hobgoblin skeleton (D:4)
  A kobold (D:13)
  4 orc skeletons
  A quokka skeleton (D:11)
  3431 eldritch tentacle segments (Vaults:3)
  8 fungi
  11 plants
3785 creatures vanquished.

Grand Total: 6479 creatures vanquished

Notes
Turn   | Place    | Note
--------------------------------------------------------------
     0 | Abyss:1  | magipi, the Formicid Abyssal Knight, began the quest for the Orb.
     0 | Abyss:1  | Reached XP level 1. HP: 18/18 MP: 1/1
     6 | D:1      | Escaped the Abyss
   110 | D:1      | Reached XP level 2. HP: 21/24 MP: 3/3
   184 | D:1      | Acquired Lugonu's second power
   447 | D:1      | Reached XP level 3. HP: 29/29 MP: 6/6
  1058 | D:2      | Found a glowing silver altar of Zin.
  1140 | D:2      | Reached XP level 4. HP: 33/35 MP: 8/8
  1299 | D:2      | Acquired Lugonu's third power
  1457 | D:2      | Noticed a moth of wrath
  1459 | D:2      | Found a bloodstained altar of Trog.
  2590 | D:3      | Reached skill level 4 in Invocations
  2590 | D:3      | Reached XP level 5. HP: 36/41 MP: 11/11
  2808 | D:3      | Noticed a giant frog
  2831 | D:3      | Killed a giant frog
  3494 | D:4      | Reached XP level 6. HP: 9/47 MP: 1/13
  3782 | D:4      | Noticed Eustachio
  3982 | D:5      | Entered Level 5 of the Dungeon
  3987 | D:5      | Reached skill level 5 in Invocations
  3991 | D:4      | Found Shrour's Gadget Emporium.
  4295 | D:4      | Acquired Lugonu's fourth power
  4312 | D:4      | Reached skill level 5 in Maces & Flails
  4497 | D:4      | Noticed ark's ghost (average TrEE)
  4521 | D:4      | Noticed Ijyb
  4539 | D:3      | Killed Ijyb
  4904 | D:4      | Reached XP level 7. HP: 38/52 MP: 12/16
  5005 | D:4      | Reached skill level 6 in Invocations
  5499 | D:5      | Found a shadowy altar of Dithmenos.
  5926 | D:5      | Found a shimmering altar of Xom.
  6531 | D:6      | Reached skill level 7 in Invocations
  6531 | D:6      | Reached XP level 8. HP: 51/58 MP: 17/20
  6644 | D:6      | Found Chif's Assorted Antiques.
  6653 | D:6      | Bought a scroll of identify for 66 gold pieces
  6653 | D:6      | Bought a murky orange potion for 29 gold pieces
  6653 | D:6      | Bought a shiny scale mail for 132 gold pieces
  6653 | D:6      | Bought a scroll labeled YPSALO CLOIPES for 33 gold pieces
  6653 | D:6      | Bought a scroll labeled OFO CULUEGIUPEPU for 33 gold pieces
  7156 | D:7      | Found a staircase to the Ecumenical Temple.
  7162 | Temple   | Entered the Ecumenical Temple
  7548 | D:7      | Reached skill level 8 in Invocations
  8392 | D:7      | Reached XP level 9. HP: 64/64 MP: 22/22
  8450 | D:8      | Reached skill level 9 in Invocations
  8708 | D:8      | Found a deep blue altar of Sif Muna.
  8746 | D:8      | Noticed a fire drake
  8836 | D:8      | Reached skill level 1 in Shields
  9263 | D:8      | Found a staircase to the Lair.
  9594 | D:8      | Banished a fire drake
  9611 | D:9      | Noticed Joseph
  9727 | D:8      | Reached skill level 5 in Shields
  9981 | Lair:1   | Entered Level 1 of the Lair of Beasts
 10005 | Lair:1   | Reached skill level 1 in Dodging
 10037 | Lair:1   | Reached XP level 10. HP: 60/70 MP: 21/24
 10201 | Lair:1   | Reached skill level 10 in Maces & Flails
 10400 | Lair:1   | Noticed a komodo dragon
 10401 | Lair:1   | Noticed Harold
 10405 | Lair:1   | Banished a komodo dragon
 10478 | Lair:1   | Killed Harold
 10842 | Lair:2   | Reached skill level 5 in Dodging
 10863 | Lair:2   | Noticed an eight-headed hydra
 10879 | Lair:2   | Banished an eight-headed hydra
 10923 | Lair:2   | Reached skill level 11 in Maces & Flails
 11000 | Lair:2   | Reached XP level 11. HP: 68/75 MP: 23/25
 11136 | Lair:2   | Gained mutation: You are somewhat resistant to further mutation. [potion of beneficial mutation]
 11554 | Lair:2   | Noticed a spiny frog
 11574 | Lair:2   | Killed a spiny frog
 11607 | Lair:2   | Noticed Gastronok
 11757 | Lair:3   | Noticed a seven-headed hydra
 11765 | Lair:3   | Banished a seven-headed hydra
 11937 | Lair:3   | Reached skill level 12 in Maces & Flails
 13097 | Lair:4   | Found a staircase to the Snake Pit.
 13435 | Lair:4   | Noticed Erica
 13496 | Lair:4   | Reached XP level 12. HP: 44/81 MP: 17/26
 13662 | Lair:4   | Found a staircase to the Swamp.
 13812 | Lair:4   | Reached skill level 13 in Maces & Flails
 14126 | Lair:4   | Killed Erica
 14208 | Lair:4   | Acquired Lugonu's fifth power
 14593 | Lair:4   | Reached skill level 10 in Dodging
 15322 | Lair:4   | Reached skill level 14 in Maces & Flails
 15709 | Lair:4   | Reached XP level 13. HP: 64/86 MP: 20/27
 15885 | Lair:5   | Found a frozen archway.
 15912 | IceCv    | Entered an ice cave
 16687 | Lair:5   | Reached skill level 5 in Fighting
 17057 | Lair:5   | Reached skill level 5 in Armour
 18099 | D:9      | Killed Joseph
 18482 | D:10     | Entered Level 10 of the Dungeon
 18551 | D:10     | Identified 2 scrolls of acquirement
 18648 | D:10     | Found a staircase to the Orcish Mines.
 19433 | Orc:1    | Entered Level 1 of the Orcish Mines
 19713 | Orc:1    | Found a burning altar of Makhleb.
 21743 | Orc:4    | Entered Level 4 of the Orcish Mines
 21970 | Orc:4    | Noticed an orc warlord
 22285 | Orc:4    | Banished an orc warlord
 22285 | Orc:4    | Reached XP level 14. HP: 104/106 MP: 23/28
 22359 | Orc:4    | Found Hubuc's General Store.
 22424 | Orc:4    | Found a staircase to the Elven Halls.
 22430 | Orc:4    | Found Strudok's Book Emporium.
 22513 | Orc:4    | Found Lentut's Antique Armour Shop.
 22909 | Orc:4    | Found Fruh's Antique Weapon Boutique.
 23579 | Lair:2   | Killed Gastronok
 23579 | Lair:2   | Reached skill level 10 in Fighting
 24020 | Lair:6   | Reached skill level 10 in Armour
 24094 | Lair:6   | You fall through a shaft!
 24321 | Lair:8   | Entered Level 8 of the Lair of Beasts
 24610 | Lair:8   | Learned a level 1 spell: Animate Skeleton
 24663 | Lair:8   | Reached skill level 10 in Invocations
 24721 | Lair:8   | Reached skill level 1 in Spellcasting
 24721 | Lair:8   | Reached skill level 1 in Necromancy
 24919 | Lair:8   | Found a viscous altar of Jiyva.
 24919 | Lair:8   | Found a staircase to the Slime Pits.
 25794 | Lair:8   | Reached XP level 15. HP: 117/117 MP: 30/30
 26214 | Lair:8   | Learned a level 3 spell: Regeneration
 26555 | D:9      | You fall through a shaft for 2 floors!
 26729 | D:11     | Found Plasipp's Food Boutique.
 26776 | D:11     | Reached skill level 1 in Charms
 27037 | D:11     | Reached skill level 5 in Necromancy
 27700 | D:12     | Noticed Nessos
 27702 | D:12     | Banished Nessos
 28506 | D:13     | Found Thrabree's Book Shop.
 28509 | D:13     | Bought a book of Minor Magic for 280 gold pieces
 28519 | D:13     | Learned a level 2 spell: Repel Missiles
 28708 | D:13     | Noticed Nergalle
 28882 | Orc:4    | Bought a +6 ring of slaying for 1869 gold pieces
 29447 | Lair:7   | Identified a +4 rod of shadows (13/13) (You found it on level 7 of the Lair of Beasts)
 29638 | Lair:7   | Reached skill level 5 in Charms
 29945 | Swamp:1  | Entered Level 1 of the Swamp
 30053 | Swamp:1  | Noticed Agnes
 30157 | Swamp:1  | Escaped the Abyss
 30160 | Swamp:1  | You fall through a shaft!
 30311 | Swamp:2  | Noticed Frances
 30314 | Swamp:2  | You fall through a shaft!
 30388 | Swamp:2  | Noticed Donald
 30400 | Swamp:3  | You fall through a shaft!
 32199 | Swamp:3  | Reached XP level 16. HP: 123/123 MP: 31/31
 32700 | Swamp:3  | Reached skill level 10 in Charms
 33016 | Swamp:3  | Killed Donald
 33482 | Snake:1  | Entered Level 1 of the Snake Pit
 33658 | Snake:1  | Noticed Urug
 33676 | Snake:1  | Killed Urug
 34711 | Snake:1  | Noticed Rupert
 34716 | Snake:1  | Killed Rupert
 34974 | Snake:2  | Reached skill level 10 in Shields
 35139 | Snake:2  | Noticed Norris
 35304 | Snake:1  | Killed Norris
 35478 | Snake:2  | Noticed Kirke
 35510 | Snake:2  | Killed Kirke
 36339 | Snake:3  | Reached XP level 17. HP: 117/131 MP: 29/32
 38216 | Snake:5  | Entered Level 5 of the Snake Pit
 38337 | Snake:5  | Noticed Vashnia
 38378 | Snake:4  | Killed Vashnia
 39321 | Snake:5  | Got a smoking chain mail
 39387 | Snake:5  | Identified the +2 chain mail of the King of the Hill {Stlth--} (You found it on level 5 of the Snake Pit)
 40109 | Snake:5  | Reached XP level 18. HP: 138/143 MP: 29/32
 40949 | Snake:5  | Got a serpentine rune of Zot
 41501 | Swamp:5  | Entered Level 5 of the Swamp
 43239 | Swamp:5  | Got a polished scale mail
 43250 | Swamp:5  | Identified the cursed -1 scale mail of Plog {+Rage +Fly rC+} (You found it on level 5 of the Swamp)
 43678 | Swamp:4  | Reached XP level 19. HP: 131/149 MP: 35/35
 43906 | Swamp:5  | Got a decaying rune of Zot
 44663 | D:4      | Killed Eustachio
 44788 | D:4      | Bought a lamp of fire for 440 gold pieces
 44788 | D:4      | Bought a phial of floods for 440 gold pieces
 44915 | D:4      | Killed ark's ghost
 45197 | D:13     | Reached skill level 1 in Evocations
 45202 | D:13     | Noticed Psyche
 45217 | D:13     | Killed Psyche
 45246 | D:13     | Your ally Psyche died
 45937 | D:13     | Found a gate to the Vaults.
 46581 | D:14     | Identified the Disquisition on Floating Aid
 46962 | D:15     | Entered Level 15 of the Dungeon
 47226 | D:15     | Reached skill level 15 in Armour
 47226 | D:15     | Reached skill level 5 in Evocations
 47835 | D:15     | Found a staircase to the Depths.
 47946 | Vaults:1 | Entered Level 1 of the Vaults
 49592 | Vaults:1 | Reached XP level 20. HP: 117/156 MP: 28/35
 49596 | Vaults:1 | Noticed a Hell Sentinel
 49601 | Vaults:1 | You fall through a shaft!
 50280 | Vaults:2 | Reached skill level 16 in Armour
 51757 | Vaults:2 | Reached skill level 15 in Dodging
 52432 | Vaults:2 | Reached skill level 10 in Evocations
 53156 | Orc:4    | Bought a glowing chain mail for 99 gold pieces
 53156 | Orc:4    | Bought a glowing chain mail for 99 gold pieces
 54691 | Vaults:3 | Identified the Compendium of Creation
 55154 | Vaults:3 | Reached XP level 21. HP: 155/165 MP: 33/36
 56087 | Vaults:3 | Noticed Nikola
 56102 | Vaults:3 | Killed Nikola
 56108 | Vaults:3 | Got a pair of crude gloves
 56111 | Vaults:3 | Identified the cursed +1 pair of gloves of Panentheism {rN+} (You took it off Nikola on level 3 of the Vaults)
 56156 | Vaults:3 | Your ally Nikola died
 56540 | Vaults:3 | Reached skill level 10 in Necromancy
 57103 | Vaults:3 | Identified the Handbook of Harmful Feathers
 57186 | Vaults:3 | Identified the Disquisition on the Entrancing Glacier (You found it on level 3 of the Vaults)
 57319 | Vaults:3 | Identified the Guide on the Destructive Arsonist (You found it on level 3 of the Vaults)
 57560 | Depths:1 | Entered Level 1 of the Depths
 57615 | Depths:1 | Noticed Mara
 57638 | Depths:1 | Noticed magipi's illusion
 57814 | Depths:1 | Noticed magipi's illusion
 57970 | Depths:1 | Noticed magipi's illusion
 58134 | D:15     | Noticed magipi's illusion
 58148 | D:15     | Killed Mara
 58873 | Depths:1 | Found a gateway to Hell.
 59723 | Orc:4    | Bought a book of Unlife for 650 gold pieces
 59732 | Orc:4    | Learned a level 6 spell: Death Channel
 60426 | Depths:1 | Found Izoah's Antique Armour Shoppe.
 60432 | Depths:1 | Bought a glowing ring mail for 128 gold pieces
 60498 | Depths:1 | Reached XP level 22. HP: 172/172 MP: 36/36
 60946 | Depths:1 | Found a glowing golden altar of the Shining One.
 61872 | Depths:1 | Reached skill level 15 in Necromancy
 61904 | Depths:1 | Found a shattered altar of Ashenzari.
 62403 | Depths:1 | Found a stormy altar of Qazlal.
 62422 | Depths:1 | Found a gateway to a ziggurat.
 62807 | Depths:1 | You fall through a shaft!
 62810 | Depths:2 | You fall through a shaft!
 63744 | Depths:1 | Reached XP level 23. HP: 130/178 MP: 28/37
 63923 | Depths:1 | Reached skill level 17 in Necromancy
 63943 | Depths:1 | You fall through a shaft!
 64595 | Depths:2 | Found a glowing golden altar of the Shining One.
 65050 | Depths:1 | Found a deep blue altar of Sif Muna.
 65226 | Depths:1 | Reached skill level 18 in Necromancy
 65280 | Depths:1 | Found Hugher's Food Emporium.
 65280 | Depths:1 | Found Gain's Distillery.
 65280 | Depths:1 | Found Calucum's Food Emporium.
 65281 | Depths:1 | Found Isiusi's General Store.
 65293 | Depths:1 | Bought a potion of curing for 26 gold pieces
 65293 | Depths:1 | Bought a potion of heal wounds for 39 gold pieces
 67522 | Depths:3 | Found a one-way gate leading to the halls of Pandemonium.
 67721 | Depths:2 | Reached skill level 15 in Fighting
 67733 | Depths:2 | Reached XP level 24. HP: 170/188 MP: 32/38
 68306 | Depths:4 | Noticed Jory
 68353 | Depths:4 | Killed Jory
 70862 | Depths:4 | Found a one-way gate to the infinite horrors of the Abyss.
 72112 | Elf:1    | Entered Level 1 of the Elven Halls
 72821 | Elf:1    | Found a radiant altar of Vehumet.
 72893 | Elf:1    | Reached XP level 25. HP: 158/199 MP: 38/38
 73342 | Elf:2    | Found Klag's Jewellery Shoppe.
 73880 | Elf:3    | Entered Level 3 of the Elven Halls
 73966 | Elf:3    | Found a portal to a secret trove of treasure.
 74970 | Elf:3    | Reached skill level 19 in Armour
 74972 | Elf:3    | Got a pitted lead ring
 75144 | Elf:3    | Got a vibrating pewter ring
 75416 | Elf:3    | Identified the ring "Roudeur" {MP+9 Dex+3 Int-2} (You took it off a deep elf annihilator on level 3 of the Elven Halls)
 75418 | Elf:3    | Identified the ring "Blegimot" {Wiz rN+ Stlth-} (You took it off a deep elf mage on level 3 of the Elven Halls)
 75432 | Elf:3    | Got a scintillating pewter ring
 75438 | Elf:3    | Identified the ring "Kucic" {SustAb MR++ Int+2} (You took it off a deep elf demonologist on level 3 of the Elven Halls)
 75444 | Elf:3    | Got a bloodstained dire flail
 75445 | Elf:3    | Identified the +6 dire flail of Disintegration {elec, +Blink rC+} (You took it off a deep elf annihilator on level 3 of the Elven Halls)
 75796 | Elf:3    | Got a shimmering tin ring
 75797 | Elf:3    | Identified the ring "Nabbacin" {+cTele Str+3 Int+3} (You found it on level 3 of the Elven Halls)
 75807 | Elf:3    | Identified the Tome of Burning Confrontation
 75816 | Elf:3    | Identified the Grimoire of Ashen Arcane Weapons
 75870 | Elf:3    | Got a pitted plate armour
 75871 | Elf:3    | Identified the +3 plate armour of Vanity {Int+5} (You found it on level 3 of the Elven Halls)
 76418 | Slime:1  | Entered Level 1 of the Pits of Slime
 77192 | Slime:3  | You fall through a shaft for 2 floors!
 78004 | Slime:6  | Entered Level 6 of the Pits of Slime
 78388 | Slime:6  | Found a viscous altar of Jiyva.
 78390 | Slime:6  | Noticed the royal jelly
 80627 | Slime:4  | Gained mutation: You are clumsy. (Dex -2) [a shining eye]
 80628 | Slime:4  | Gained mutation: Your muscles are strong. (Str +2) [a shining eye]
 80658 | Slime:3  | Reached XP level 26. HP: 157/203 MP: 39/39
 81154 | Slime:6  | Gained mutation: Your vision is a little blurry. [a shining eye]
 81389 | Slime:6  | Killed the royal jelly
 81389 | Slime:6  | Reached skill level 20 in Armour
 81598 | Slime:6  | Got a steaming mottled dragon armour
 81599 | Slime:6  | Identified the +3 mottled dragon armour "Stinom" {Int+3 SInv Curse} (You found it on level 6 of the Pits of Slime)
 81666 | Slime:6  | Got a slimy rune of Zot
 82906 | Depths:5 | Entered Level 5 of the Depths
 83956 | Depths:5 | Reached skill level 15 in Maces & Flails
 84932 | Depths:4 | Identified a +4 rod of destruction (12/12) (You found it on level 4 of the Depths)
 85033 | Depths:5 | Found a gate to the Realm of Zot.
 85886 | Zot:1    | Entered Level 1 of the Realm of Zot
 86357 | D:13     | Killed Nergalle
 86598 | Vaults:2 | Reached XP level 27. HP: 141/209 MP: 39/39
 88333 | Zot:2    | You fall through a shaft for 2 floors!
 88672 | Zot:3    | Got a pair of heavily runed gloves
 88885 | Depths:1 | Bought a potion of curing for 26 gold pieces
 88885 | Depths:1 | Bought a potion of resistance for 91 gold pieces
 88885 | Depths:1 | Bought a potion of resistance for 91 gold pieces
 88885 | Depths:1 | Bought a potion of agility for 32 gold pieces
 88885 | Depths:1 | Bought a potion of might for 32 gold pieces
 88896 | Depths:1 | Identified the cursed -2 pair of gloves of Dishonour {SInv Curse} (You found it on level 3 of the Realm of Zot)
 90364 | Zot:3    | Slain by a deathcap

Action                   |  1- 3 |  4- 6 |  7- 9 | 10-12 | 13-15 | 16-18 | 19-21 | 22-24 | 25-27 || total
-------------------------+-------+-------+-------+-------+-------+-------+-------+-------+-------++-------
Melee: Mace              |   106 |   300 |   601 |  1044 |   618 |       |       |       |       ||  2669
       Whip              |       |       |       |       |  1904 |  1885 |   254 |       |       ||  4043
       Morningstar       |       |       |       |       |       |       |  1444 |  1337 |  1790 ||  4571
       Great mace        |       |       |       |       |       |       |       |   601 |    66 ||   667
 Fire: Blowgun           |       |       |       |       |       |       |     3 |       |       ||     3
 Cast: Animate Skeleton  |       |       |       |       |    38 |    67 |   113 |    81 |    61 ||   360
       Repel Missiles    |       |       |       |       |     1 |     8 |     8 |    10 |    15 ||    42
       Regeneration      |       |       |       |       |     1 |    15 |    18 |    63 |    67 ||   164
       Death Channel     |       |       |       |       |       |       |       |     2 |     2 ||     4
Invok: Banish            |       |       |    12 |    12 |    15 |       |       |       |     3 ||    42
       Bend Space        |       |       |       |       |     2 |       |     2 |     1 |     3 ||     8
       Depart the Abyss  |       |       |       |       |     1 |       |       |       |       ||     1
       Enter the Abyss   |       |       |       |       |     1 |       |       |       |       ||     1
 Abil: Dig               |       |       |       |       |     7 |     7 |     5 |    23 |    34 ||    76
       Shaft Self        |       |       |       |       |     3 |       |     1 |     3 |     2 ||     9
Evoke: Wand              |       |       |       |     2 |     4 |     2 |    10 |     7 |    10 ||    35
       Lamp of fire      |       |       |       |       |       |       |     3 |     3 |     3 ||     9
       Phial of floods   |       |       |       |       |       |       |       |     1 |       ||     1
  Use: Scroll            |       |     7 |     9 |     8 |    20 |    10 |     6 |     4 |    23 ||    87
       Potion            |       |     2 |     1 |     1 |     4 |       |     4 |     5 |    18 ||    35
 Stab: Distracted        |       |       |       |       |     9 |    22 |    14 |    11 |     4 ||    60
       Petrified         |       |       |       |       |       |       |       |     1 |       ||     1
  Eat: Chunk             |       |     7 |    14 |    12 |    50 |    33 |    27 |    33 |    22 ||   198
       Bread ration      |       |     1 |     1 |     2 |       |       |       |       |     6 ||    10
       Beef jerky        |       |     1 |     1 |     2 |     3 |     2 |     4 |     1 |     2 ||    16
       Fruit             |       |       |     1 |       |     2 |     4 |    15 |       |    13 ||    35
       Pizza             |       |       |       |       |     4 |     1 |     1 |       |     2 ||     8
       Meat ration       |       |       |       |       |       |       |     2 |     5 |     3 ||    10

Action                   |  1- 3 |  4- 6 |  7- 9 | 10-12 | 13-15 | 16-18 | 19-21 | 22-24 | 25-27 || total
-------------------------+-------+-------+-------+-------+-------+-------+-------+-------+-------++-------
Melee: Mace              |   106 |   300 |   601 |  1044 |   618 |       |       |       |       ||  2669
       Whip              |       |       |       |       |  1904 |  1885 |   254 |       |       ||  4043
       Morningstar       |       |       |       |       |       |       |  1444 |  1337 |  1790 ||  4571
       Great mace        |       |       |       |       |       |       |       |   601 |    66 ||   667
 Fire: Blowgun           |       |       |       |       |       |       |     3 |       |       ||     3
 Cast: Animate Skeleton  |       |       |       |       |    38 |    67 |   113 |    81 |    61 ||   360
       Repel Missiles    |       |       |       |       |     1 |     8 |     8 |    10 |    15 ||    42
       Regeneration      |       |       |       |       |     1 |    15 |    18 |    63 |    67 ||   164
       Death Channel     |       |       |       |       |       |       |       |     2 |     2 ||     4
Invok: Banish            |       |       |    12 |    12 |    15 |       |       |       |     3 ||    42
       Bend Space        |       |       |       |       |     2 |       |     2 |     1 |     3 ||     8
       Depart the Abyss  |       |       |       |       |     1 |       |       |       |       ||     1
       Enter the Abyss   |       |       |       |       |     1 |       |       |       |       ||     1
 Abil: Dig               |       |       |       |       |     7 |     7 |     5 |    23 |    34 ||    76
       Shaft Self        |       |       |       |       |     3 |       |     1 |     3 |     2 ||     9
Evoke: Wand              |       |       |       |     2 |     4 |     2 |    10 |     7 |    10 ||    35
       Lamp of fire      |       |       |       |       |       |       |     3 |     3 |     3 ||     9
       Phial of floods   |       |       |       |       |       |       |       |     1 |       ||     1
  Use: Scroll            |       |     7 |     9 |     8 |    20 |    10 |     6 |     4 |    23 ||    87
       Potion            |       |     2 |     1 |     1 |     4 |       |     4 |     5 |    18 ||    35
 Stab: Distracted        |       |       |       |       |     9 |    22 |    14 |    11 |     4 ||    60
       Petrified         |       |       |       |       |       |       |       |     1 |       ||     1
  Eat: Chunk             |       |     7 |    14 |    12 |    50 |    33 |    27 |    33 |    22 ||   198
       Bread ration      |       |     1 |     1 |     2 |       |       |       |       |     6 ||    10
       Beef jerky        |       |     1 |     1 |     2 |     3 |     2 |     4 |     1 |     2 ||    16
       Fruit             |       |       |     1 |       |     2 |     4 |    15 |       |    13 ||    35
       Pizza             |       |       |       |       |     4 |     1 |     1 |       |     2 ||     8
       Meat ration       |       |       |       |       |       |       |     2 |     5 |     3 ||    10

Action                   |  1- 3 |  4- 6 |  7- 9 | 10-12 | 13-15 | 16-18 | 19-21 | 22-24 | 25-27 || total
-------------------------+-------+-------+-------+-------+-------+-------+-------+-------+-------++-------
Melee: Mace              |   106 |   300 |   601 |  1044 |   618 |       |       |       |       ||  2669
       Whip              |       |       |       |       |  1904 |  1885 |   254 |       |       ||  4043
       Morningstar       |       |       |       |       |       |       |  1444 |  1337 |  1790 ||  4571
       Great mace        |       |       |       |       |       |       |       |   601 |    66 ||   667
 Fire: Blowgun           |       |       |       |       |       |       |     3 |       |       ||     3
 Cast: Animate Skeleton  |       |       |       |       |    38 |    67 |   113 |    81 |    61 ||   360
       Repel Missiles    |       |       |       |       |     1 |     8 |     8 |    10 |    15 ||    42
       Regeneration      |       |       |       |       |     1 |    15 |    18 |    63 |    67 ||   164
       Death Channel     |       |       |       |       |       |       |       |     2 |     2 ||     4
Invok: Banish            |       |       |    12 |    12 |    15 |       |       |       |     3 ||    42
       Bend Space        |       |       |       |       |     2 |       |     2 |     1 |     3 ||     8
       Depart the Abyss  |       |       |       |       |     1 |       |       |       |       ||     1
       Enter the Abyss   |       |       |       |       |     1 |       |       |       |       ||     1
 Abil: Dig               |       |       |       |       |     7 |     7 |     5 |    23 |    34 ||    76
       Shaft Self        |       |       |       |       |     3 |       |     1 |     3 |     2 ||     9
Evoke: Wand              |       |       |       |     2 |     4 |     2 |    10 |     7 |    10 ||    35
       Lamp of fire      |       |       |       |       |       |       |     3 |     3 |     3 ||     9
       Phial of floods   |       |       |       |       |       |       |       |     1 |       ||     1
  Use: Scroll            |       |     7 |     9 |     8 |    20 |    10 |     6 |     4 |    23 ||    87
       Potion            |       |     2 |     1 |     1 |     4 |       |     4 |     5 |    18 ||    35
 Stab: Distracted        |       |       |       |       |     9 |    22 |    14 |    11 |     4 ||    60
       Petrified         |       |       |       |       |       |       |       |     1 |       ||     1
  Eat: Chunk             |       |     7 |    14 |    12 |    50 |    33 |    27 |    33 |    22 ||   198
       Bread ration      |       |     1 |     1 |     2 |       |       |       |       |     6 ||    10
       Beef jerky        |       |     1 |     1 |     2 |     3 |     2 |     4 |     1 |     2 ||    16
       Fruit             |       |       |     1 |       |     2 |     4 |    15 |       |    13 ||    35
       Pizza             |       |       |       |       |     4 |     1 |     1 |       |     2 ||     8
       Meat ration       |       |       |       |       |       |       |     2 |     5 |     3 ||    10
